 Dungeon Crawl Stone Soup version 0.28-a0-793-g31680bbd8b (webtiles) character file.

Game seed: 434496074152609486

29 Gwenloh the Grave Robber (level 3, -2/19 HPs)
             Began as a Deep Elf Necromancer on Nov 4, 2021.
             Killed by a flame tongue (8 damage)
             ... invoked by the wrath of Vehumet
             ... on level 2 of the Dungeon.
             The game lasted 00:03:55 (1831 turns).

Gwenloh the Grave Robber (Deep Elf Necromancer)     Turns: 1831, Time: 00:03:56

Health: -2/19      AC:  2    Str:  5    XL:     3   Next: 1%
Magic:  19/19      EV: 12    Int: 20    God:
Gold:   35         SH:  0    Dex: 15    Spells: 8/9 levels left

rFire   . . .      SeeInvis .   c - +0 dagger
rCold   . . .      Faith    .   (no shield)
rNeg    . . .      Spirit   .   a - +0 robe
rPois   .          Reflect  .   (no helmet)
rElec   .          Harm     .   (no cloak)
rCorr   .          Rampage  .   (no gloves)
Will    .....                   (no boots)
Stlth   ++........              (no amulet)
HPRegen 0.06/turn               j - ring of magical power
MPRegen 0.16/turn               (no ring)

@: no status effects
A: no striking features
a: no special abilities


You were on level 2 of the Dungeon.
You visited 1 branch of the dungeon, and saw 2 of its levels.

You collected 35 gold pieces.

Inventory:

Hand Weapons
 c - a +0 dagger (weapon)
Missiles
 g - a throwing net
Armour
 a - a +0 robe (worn)
Magical Staves
 i - a staff of conjuration
Jewellery
 j - a ring of magical power (left hand)
Scrolls
 b - a scroll of noise {unknown}
 f - a scroll of fog {unknown}
 h - a scroll of silence {unknown}
Potions
 d - 2 potions of brilliance {unknown}
 e - a potion of magic {unknown}


   Skills:
 - Level 2.4 Dodging
 - Level 2.4 Stealth
 + Level 3.7 Spellcasting
 * Level 5.6 Necromancy


You had 8 spell levels left.
You knew the following spells:

 Your Spells              Type           Power      Damage    Failure   Level
a - Pain                  Necr           100%       1d9       1%          1

Your spell library contained the following spells:

 Spells                   Type           Power      Damage    Failure   Level
 Animate Skeleton         Necr           52%        N/A       1%          1
 Vampiric Draining        Necr           26%        2d7       3%          3
 Sandblast                Erth           6%         2d5       13%         1
 Animate Dead             Necr           13%        N/A       13%         4
 Passwall                 Tmut/Erth      2%         N/A       21%         2
 Agony                    Necr           26%        N/A       34%         5
 Stone Arrow              Conj/Erth      6%         3d7       36%         3


Dungeon Overview and Level Annotations

Branches:
Dungeon (2/15)

Altars:
Vehumet


Message History

You climb downwards.
Found a club and a dagger.
Found a stone staircase leading up.
There is a stone staircase leading up here.
The endoplasm quivers.
The endoplasm writhes in agony.
You kill the endoplasm!
Magic restored.
HP restored.
Found an escape hatch in the floor.
An adder comes into view.
The adder hisses angrily.
The adder writhes in agony.
You hit the adder but do no damage.
The adder is severely wounded.
The adder bites you. x2
You hit the adder but do no damage.
The adder is severely wounded.
The adder bites you.
You are poisoned.
The adder poisons you!
Casting: Pain (safe; 1% risk of failure)
Confirm with . or Enter, or press ? or * to list all spells.
Aiming: Pain (safe; 1% risk of failure)
Press: ? - help, Shift-Dir - straight line, f/p - adder
Aim: an adder (severely wounded, chance to affect: 88%)
The adder writhes in agony.
You kill the adder!
You feel sick.
You have reached level 3!
Your experience leads to an increase in your attributes!
Increase (S)trength, (I)ntelligence, or (D)exterity?
You feel clever.
You start resting.
You feel sick. x4
You are no longer poisoned.
You start resting.
Magic restored.
You start resting.
Vehumet rains destruction down upon you!
The flame tongue hits you!
You die...

#....# #....#
.# #....### .#
#......#..
#......#.# #
#.....<#.# ..
#........#.###
##)......)....
#...<#@..#...
#.#.##>#.# ..
#. ..# # ...
...... ..
####### .


You could see the wrath of Vehumet (unaware).

Vanquished Creatures
  An adder (D:2)
  2 dart slugs
  An endoplasm (D:2)
  3 goblins
  2 hobgoblins (D:1)
  A kobold (D:1)
  A frilled lizard (D:2)
  6 rats
17 creatures vanquished.

Notes
Turn   | Place    | Note
-------+----------+-------------------------------------------
     0 | D:1      | Gwenloh the Deep Elf Necromancer began the quest for the
                  | Orb.
     0 | D:1      | Reached XP level 1. HP: 10/10 MP: 6/6
   190 | D:1      | Reached skill level 5 in Necromancy
   389 | D:1      | Reached XP level 2. HP: 11/15 MP: 6/8
   532 | D:1      | Found a faded altar of an unknown god.
   540 | D:1      | Prayed at the altar of an unknown god.
   540 | D:1      | Became a worshipper of Vehumet
   540 | D:1      | Reached * piety under Vehumet
   540 | D:1      | Offered knowledge of Magic Dart by Vehumet.
   590 | D:1      | Fell from the grace of Vehumet
   971 | D:1      | You fall into a shaft and drop 1 floor!
  1767 | D:2      | Reached XP level 3. HP: 6/19 MP: 10/10
  1831 | D:2      | Killed by a flame tongue

Illustrated notes

Levels and vault maps discovered:
D:1:      dpeg_arrival_round_c, layout_basic, shapermc_ecumenical_altar_pompeii,
          glass_columns_b
D:2:      layout_basic, minmay_split_cup_small

Skill      XL: |  1 |
---------------+----+-----
Necromancy     | 5 |  5.6
Dodging        | |  2.4
Stealth        | |  2.4
Spellcasting   | |  3.7

Action                   || total
-------------------------++-------
Melee: Dagger            ||     8
 Cast: Pain              ||    27
Invok: Renounce Religion ||     1
Dodge: Dodged            ||     4

Table legend: (Time is in decaauts)
 A = Elapsed time spent in this place.
 B = Non-inter-level travel time spent in this place.
 C = Inter-level travel time spent in this place.
 D = Time resting spent in this place.
 E = Time spent auto-exploring this place.
 F = Levels seen in this place.
 G = Mean time per level.
                   A        B        C        D        E       F      G
               +--------+--------+--------+--------+--------+-----+--------+
         Total |   1830 |   1827 |      3 |    755 |    920 |   2 |  915.0 |
       Dungeon |   1830 |   1827 |      3 |    755 |    920 |   2 |  915.0 |
               +--------+--------+--------+--------+--------+-----+--------+

Top non-repeatable levels by time:
     D:1: 1181 daAuts
     D:2: 649 daAuts
